 Dungeon Crawl Stone Soup version 0.27.0-1-g7a08968 (webtiles) character file.

Game seed: 8275259756764555561

479412 GeorgeSoros the Alchemist (level 24, -11/170 HPs)
             Began as a Merfolk Ice Elementalist on July 30, 2021.
             Was the Champion of Hepliaklqana.
             Succumbed to nagaraja's concentrated venom
             ... on level 5 of the Depths on Aug 4, 2021.
             The game lasted 06:07:30 (77936 turns).

GeorgeSoros the Alchemist (MfIE)                   Turns: 77936, Time: 06:07:31

Health: -11/170    AC: 41    Str: 10    XL:     24   Next: 83%
Magic:  23/32      EV: 17    Int: 31    God:    Hepliaklqana [******]
Gold:   5078       SH: 18    Dex: 18    Spells: 14/35 levels left

rFire    . . .     SeeInvis .   d - +9 demon trident (elec)
rCold    + . .     Faith    .   U - +5 kite shield of a Labyrinth {Drain rN+ rCorr}
rNeg     + + +     Spirit   .   u - +8 faerie dragon scales {rCorr Str+4 Int-4}
rPois    .         Reflect  .   n - +1 hat {Will+}
rElec    .         Harm     .   c - +2 cloak
rCorr    +         Rampage  ∞   G - +3 pair of gauntlets of War {Slay+5}
Will     +++++                  i - +3 pair of seven-league boots {Rampage+∞}
Stlth    +++.......             L - amulet "Tigem" {Acrobat rC+ rN+ Will+++ MP-9}
HPRegen  0.38/turn              N - ring of Saumofeq {Int+6 Dex+3 Stlth+}
MPRegen  0.23/turn              A - ring "Piki" {rN+ MP+9 Str-2 Int+4 Slay+3}

@: lethally poisoned (-11 -> -115), ice-armoured, about to teleport, spewing
sludge, slowed, constricted, studying 2 skills, very slow
A: reduced essence, (nimble swimmer 2), mertail, antennae 1, iridescent scales 1
}: 2/15 runes: barnacled, gossamer
a: Renounce Religion, Recall Ancestor, Ancestor Identity, Transference, Idealise


You were on level 5 of the Depths.
You worshipped Hepliaklqana.
Hepliaklqana was exalted by your worship.
You visited 9 branches of the dungeon, and saw 44 of its levels.
You visited the Abyss 1 time.
You also visited: Ossuary, Bailey, Gauntlet, Ice Cave and Volcano.

You collected 7256 gold pieces.
You spent 2178 gold pieces at shops.

Inventory:

Hand Weapons
 d - a +9 demon trident of electrocution (weapon)
Missiles
 a - 12 throwing nets
Armour
 c - a +2 cloak (worn)
 i - the +3 pair of seven-league boots (worn) {Rampage+∞}
   (You acquired it on level 14 of the Dungeon)

   Its wearer moves as far as possible in that direction when moving towards
   enemies.
 n - a +1 hat of willpower (worn)
 p - +2 pearl dragon scales
 u - the +8 faerie dragon scales (worn) {rCorr Str+4 Int-4}
   (You took it off the Enchantress on level 3 of the Depths)

   Str:       It affects your strength (+4).
   Int:       It affects your intelligence (-4).
   rCorr:     It protects you from acid and corrosion.
 G - the +3 pair of gauntlets of War (worn) {Slay+5}
   (You acquired it on level 14 of the Dungeon)

   Slay:      It affects your accuracy & damage with ranged weapons and melee
   (+5).
 U - the +5 kite shield of a Labyrinth (worn) {Drain rN+ rCorr}
   (You acquired it on level 15 of the Dungeon)

   rN:        It protects you from negative energy.
   rCorr:     It protects you from acid and corrosion.
   Drain:     It drains your maximum health when unequipped.
Jewellery
 A - the ring "Piki" (right hand) {rN+ MP+9 Str-2 Int+4 Slay+3}
   (You took it off a deep elf death mage on level 3 of the Elven Halls)

   [ring of magical power]

   Str:       It affects your strength (-2).
   Int:       It affects your intelligence (+4).
   Slay:      It affects your accuracy & damage with ranged weapons and melee
   (+3).
   rN:        It protects you from negative energy.
   MP:        It affects your magic capacity (+9).
 L - the amulet "Tigem" (around neck) {Acrobat rC+ rN+ Will+++ MP-9}
   (You found it in a Gauntlet)

   [amulet of the acrobat]

   It increases your evasion while moving and waiting.
   rC:        It protects you from cold.
   rN:        It protects you from negative energy.
   MP:        It affects your magic capacity (-9).
   Will:      It greatly increases your willpower.
 N - the ring of Saumofeq (left hand) {Int+6 Dex+3 Stlth+}
   (You found it on level 4 of the Shoals)

   [ring of intelligence]

   Int:       It affects your intelligence (+6).
   Dex:       It affects your dexterity (+3).
   Stlth:     It makes you more stealthy.
 Y - an amulet of reflection
Wands
 k - a wand of charming (42)
 l - a wand of digging (15)
 r - a wand of iceblast (45)
 w - a wand of flame (124)
 z - a wand of acid (16)
 R - a wand of mindburst (27)
 X - a wand of paralysis (7)
 Z - a wand of polymorph (23)
Scrolls
 b - 3 scrolls of enchant weapon
 j - 4 scrolls of holy word
 m - 6 scrolls of silence
 o - a scroll of enchant armour
 q - 2 scrolls of summoning
 t - 2 scrolls of blinking
 x - 37 scrolls of identify
 y - 5 scrolls of fear
 B - 13 scrolls of teleportation
 I - 5 scrolls of immolation
 O - 6 scrolls of amnesia
 Q - 6 scrolls of fog
 S - a scroll of brand weapon
 V - 3 scrolls of magic mapping
Potions
 e - 5 potions of resistance
 f - 5 potions of cancellation
 h - 8 potions of mutation
 s - 6 potions of haste
 v - 9 potions of curing
 C - 2 potions of invisibility
 E - a potion of flight
 F - 6 potions of heal wounds
 H - 9 potions of brilliance
 K - 5 potions of might
 M - 3 potions of magic
 T - 3 potions of berserk rage
 W - 4 potions of ambrosia
Miscellaneous
 g - a condenser vane
 D - a phantom mirror
 J - a phial of floods


   Skills:
 + Level 15.6 Fighting
 - Level 18.0 Polearms
 - Level 5.0 Throwing
 - Level 13.0 Armour
 + Level 15.5 Dodging
 - Level 2.1 Stealth
 - Level 15.0 Shields
 - Level 6.0 Spellcasting
 - Level 18.0 Summonings
 - Level 18.0 Transmutations
 - Level 11.0 Ice Magic
 - Level 10.6 Poison Magic
 - Level 10.0 Invocations
 + Level 9.7 Evocations


You had 14 spell levels left.
You knew the following spells:

 Your Spells              Type           Power      Damage    Failure   Level
a - Dragon Form           Tmut           44%        N/A       3%          7
b - Frozen Ramparts       Ice            100%       1d12      1%          3
c - Ozocubu's Armour      Ice            67%        N/A       1%          3
d - Eringya's Noxious Bo  Tmut/Pois      39%        N/A       3%          6
e - Passwall              Tmut/Erth      50%        N/A       1%          2

Your spell library contained the following spells:

 Spells                   Type           Power      Damage    Failure   Level
 Beastly Appendage        Tmut           100%       N/A       0%          1
 Summon Small Mammal      Summ           100%       N/A       0%          1
 Call Imp                 Summ           88%        N/A       0%          2
 Wereblood                Tmut           88%        N/A       0%          2
 Call Canine Familiar     Summ           88%        N/A       0%          3
 Freeze                   Ice            100%       1d11      1%          1
 Sting                    Tmut/Pois      100%       1d8       1%          1
 Ensorcelled Hibernation  Hex/Ice        86%        N/A       1%          2
 Poisonous Vapours        Pois/Air       84%        N/A       1%          2
 Spider Form              Tmut/Pois      39%        N/A       1%          3
 Summon Guardian Golem    Hex/Summ       60%        N/A       1%          3
 Animate Armour           Summ/Erth      100%       N/A       1%          4
 Ice Form                 Ice/Tmut       78%        N/A       1%          4
 Olgreb's Toxic Radiance  Pois           66%        N/A       1%          4
 Summon Ice Beast         Ice/Summ       78%        N/A       1%          4
 Alistair's Intoxication  Tmut/Pois      52%        N/A       1%          5
 Blade Hands              Tmut           44%        N/A       1%          5
 Monstrous Menagerie      Summ           44%        N/A       3%          7
 Summon Hydra             Summ           44%        N/A       3%          7
 Mephitic Cloud           Conj/Pois/Air  31%        N/A       4%          3
 Irradiate                Conj/Tmut      30%        3d24      4%          5
 Summon Forest            Summ/Tloc      30%        N/A       4%          5
 Yara's Violent Unravell  Hex/Tmut       30%        3d13      4%          5
 Animate Skeleton         Necr           18%        N/A       7%          1
 Apportation              Tloc           18%        N/A       7%          1
 Corona                   Hex            10%        N/A       7%          1
 Foxfire                  Conj/Fire      36%        2x1d5     7%          1
 Magic Dart               Conj           36%        1d4       7%          1
 Pain                     Necr           36%        1d5       7%          1
 Shock                    Conj/Air       36%        1d5       7%          1
 Hailstorm                Conj/Ice       43%        3d10      7%          4
 Blink                    Tloc           N/A        N/A       11%         2
 Corpse Rot               Necr/Air       N/A        N/A       11%         2
 Slow                     Hex            9%         N/A       11%         2
 Static Discharge         Conj/Air       9%         N/A       11%         2
 Sublimation of Blood     Necr           4%         N/A       11%         2
 Confusing Touch          Hex            9%         N/A       21%         3
 Dazzling Flash           Conj/Hex       18%        N/A       21%         3
 Gell's Gravitas          Tloc           4%         N/A       21%         3
 Lesser Beckoning         Tloc           4%         N/A       21%         3
 Stone Arrow              Conj/Erth      18%        3d8       21%         3
 Swiftness                Air            9%         N/A       21%         3
 Teleport Other           Tloc           9%         N/A       21%         3
 Tukima's Dance           Hex            9%         N/A       21%         3
 Vampiric Draining        Necr           4%         2d6       21%         3
 Metabolic Englaciation   Hex/Ice        21%        N/A       21%         5
 Statue Form              Tmut/Erth      40%        N/A       26%         6
 Freezing Cloud           Conj/Ice/Air   16%        6-21      38%         5
 Ozocubu's Refrigeration  Ice            33%        4d11      52%         7
 Airstrike                Air            4%         N/A       56%         4
 Animate Dead             Necr           4%         N/A       56%         4
 Cause Fear               Hex            4%         N/A       56%         4
 Dispel Undead            Necr           9%         3d8       56%         4
 Fulminant Prism          Conj/Hex       4%         3d6       56%         4
 Iskenderun's Mystic Bla  Conj/Tloc      9%         2d4       56%         4
 Leda's Liquefaction      Hex/Erth       4%         N/A       56%         4
 Passage of Golubria      Tloc           N/A        N/A       56%         4
 Sticky Flame             Conj/Fire      9%         2d3       56%         4
 Simulacrum               Ice/Necr       21%        N/A       73%         6
 Storm Form               Tmut/Air       30%        N/A       82%         7
 Agony                    Necr           9%         N/A       88%         5
 Bolt of Magma            Conj/Fire/Erth 4%         4d5       88%         5
 Borgnjor's Vile Clutch   Necr/Erth      4%         N/A       88%         5
 Excruciating Wounds      Necr           4%         N/A       88%         5
 Fireball                 Conj/Fire      4%         3d4       88%         5
 Lee's Rapid Deconstruct  Erth           4%         3d6*      88%         5
 Lightning Bolt           Conj/Air       4%         1d16      88%         5
 Manifold Assault         Tloc           9%         N/A       88%         5
 Dragon's Call            Summ           44%        N/A       99%         9
 Conjure Ball Lightning   Conj/Air       4%         3x3d6     100%        6
 Death Channel            Necr           4%         N/A       100%        6
 Dispersal                Tloc           4%         N/A       100%        6
 Invisibility             Hex            4%         N/A       100%        6
 Iron Shot                Conj/Erth      4%         9d2       100%        6
 Starburst                Conj/Fire      4%         8x6d4     100%        6
 Discord                  Hex            4%         N/A       100%        8
 Disjunction              Tloc           4%         N/A       100%        8
 Ignition                 Fire           4%         3d4       100%        8
 Maxwell's Capacitive Co  Air            4%         ∞         100%        8
 Chain Lightning          Conj/Air       4%         3d6       100%        9
 Shatter                  Erth           4%         3d8*      100%        9


Dungeon Overview and Level Annotations

Branches:
Dungeon (15/15)            Temple (1/1) D:7            Lair (6/6) D:10
 Shoals (4/4) Lair:4       Spider (4/4) Lair:4        Slime (0/5) Lair:5
    Orc (2/2) D:10            Elf (3/3) Orc:2        Vaults (4/5) D:13
  Crypt (0/3) Vaults:2     Depths (5/5) D:15            Zot (0/5) Depths:5
Ossuary (visited)          Bailey (visited)           IceCv (visited)
Volcano (visited)         Gauntlet (visited)

Altars:
Ashenzari
Cheibriados
Dithmenos
Elyvilon
Fedhas
Gozag
Hepliaklqana
Kikubaaqudgha
Makhleb
Nemelex Xobeh
Okawaru
Qazlal
Ru
Sif Muna
Trog
Uskayaw
Vehumet
Wu Jian
Xom
Yredelemnul
Zin
The Shining One
Beogh
Jiyva

Shops:
D:1 [   D:3 ?   D:5 *   D:14 !(=   Orc:2 ?:==(   Elf:3 :   Shoals:1 *([*
Vaults:3 [   Depths:1 ((   Depths:2 :=:   Depths:4 ?[?

Portals:
Hell: Depths:1 Depths:2 Depths:3 Depths:4 Depths:5
Abyss: Depths:2 Depths:4
Pandemonium: Depths:2 Depths:3 Depths:5
Ziggurat: Depths:1

Annotations:
D:7 3 runed translucent doors, Gamop's ghost, novice DsBe
Lair:2 exclusion: 2 oklob plants
Spider:4 2 runed translucent doors, Vubreenic's ghost, adept CeHu
Elf:3 1 runed translucent door, Urrug's ghost, adept MiBe
Vaults:3 1 runed translucent door, emme's ghost, adept DsGl


Innate Abilities, Weirdness & Mutations

Your life essence is reduced to manifest your ancestor. (-10% HP)
((You are quick and stealthy near water. (Stealth+, EV+, Speed+++)))
Your lower body shifts to a powerful aquatic tail in water.
You have a pair of small antennae on your head.
You are partially covered in iridescent scales. (AC +2)


Message History

The naga looks as sick as possible!
The naga becomes momentarily stuck in the toxic bog.
The nagaraja hits you but does no damage. x2
The nagaraja constricts you.
As you read the scroll of teleportation, it crumbles to dust.
You feel strangely unstable.
You feel extremely sick.
The naga dies!
The nagaraja no longer looks unusually strong.
The nagaraja festers in the toxic bog.
The nagaraja looks as sick as possible!
The nagaraja hits you but does no damage.
The nagaraja casts a spell at you. The poison arrow hits you!
You are lethally poisoned!
* * * LOW HITPOINT WARNING * * *
The nagaraja spits poison at you.
The splash of poison hits you but does no damage.
You are more poisoned.
You have difficulty breathing.
* * * LOW HITPOINT WARNING * * *
You feel as though you will be slow longer.
The nagaraja constricts you. The nagaraja barely misses you.
The naga festers in the toxic bog!
The naga looks as sick as possible!
The naga dies!
The nagaraja festers in the toxic bog.
The nagaraja looks as sick as possible!
The nagaraja hits you from afar with a +0 halberd!
* * * LOW HITPOINT WARNING * * *
The nagaraja spits poison at you. The splash of poison misses you.
The nagaraja spits poison at you. The splash of poison hits you.
You are more poisoned.
You have difficulty breathing.
* * * LOW HITPOINT WARNING * * *
You feel as though you will be slow longer.
* * * LOW HITPOINT WARNING * * *
x2 The nagaraja constricts you.
The nagaraja hits you but does no damage.
You feel much better.
You die...

.....[.....##.# #..#
...........##.# .......
#..# ............#.#{
....... #..#
..............# .......
#..#
..........##..###.≈≈≈...
#..#
..........###.≈.#.≈≈≈...
#..# .........##
#.§§#.)≈≈... {#..#
.........# #.≈.NN)≈≈...
#.## .........#
#.≈.@)†≈≈... #.#
........#####.≈≈#NN≈≈...
{#.#
..............≈.#N≈≈≈...
#.#
....########..###.≈≈≈...
#.# ....# #..# .≈≈≈...
#.# ....# #..# .......
#.# ....# #..#{ .......
{#.# ....# #..# ####...
#.# ##### #..#{ #.#


You could see 4 nagarajas and a naga mage (fast, strong).

Vanquished Creatures
  Mara (Depths:2)
  2 juggernauts (Depths:4)
  A tentacled monstrosity (Depths:4)
  A lich (Depths:2)
  A deep elf blademaster (Elf:3)
  A deep elf master archer (Elf:3)
  Agnes (D:14)
  2 sphinxes
  2 tengu reavers
  3 shadow dragons
  A fire giant (Depths:4)
  A draconian scorcher (Depths:5)
  3 deep elf sorcerers
  2 emperor scorpions
  A frost giant (Depths:1)
  4 ghost moths
  A draconian knight (Depths:5)
  5 spectral caustic shrikes (Depths:5)
  2 deep elf elementalists (Elf:3)
  5 vault wardens
  2 spriggan defenders
  3 stone giants
  4 caustic shrike skeletons (Depths:3)
  6 very ugly things
  9 ironbound preservers
  4 deep elf demonologists
  3 vampire knights
  2 entropy weavers
  3 dire elephants
  6 deep elf annihilators (Elf:3)
  3 spark wasps (Depths:4)
  2 black draconians (Depths:5)
  A minotaur (Gauntlet)
  The ghost of Elebi the Grappler, a journeyman DrTm of Yredelemnul (Lair:2)
  3 merfolk javelineers
  3 deep elf death magi
  A crystal guardian (Vaults:3)
  An eidolon (Vaults:2)
  5 ettins
  2 fire dragons (Depths:1)
  2 yaktaur captains
  Josephine (D:10)
  A green death (Depths:2)
  An eleionoma (Depths:3)
  6 merfolk impalers
  5 ironbound thunderhulks
  3 vault guards
  6 great orbs of eyes
  5 ice dragons
  3 rakshasas
  6 deep elf high priests
  3 naga warriors (Depths:5)
  2 boulder beetles
  A merfolk avatar (Shoals:4)
  An ogre mage (D:15)
  6 hydras
  An anaconda (Depths:5)
  4 spriggan air magi
  A catoblepas (D:13)
  9 centaur warriors
  9 ironbound frosthearts
  An alligator snapping turtle (Shoals:4)
  3 merfolk aquamancers
  8 two-headed ogres
  2 satyrs
  19 dancing weapons
  2 orc high priests (Orc:2)
  2 deep troll shamans
  2 deep troll earth magi (Depths:2)
  6 tengu warriors
  9 death yaks
  Urug (Orc:1)
  2 soul eaters (Depths:1)
  4 ironbound beastmasters
  19 deep elf knights
  Sonja (Orc:2)
  5 spriggan berserkers
  5 hell knights
  An iron troll (Depths:5)
  4 skeletal warriors
  11 sea snakes
  A salamander mystic (Volcano)
  A spark wasp zombie (D:15)
  37 deep trolls
  A glowing orange brain (Depths:4)
  A storm dragon skeleton (Depths:2)
  11 deep elf archers
  A flayed ghost (Depths:4)
  7 spriggan druids
  11 harpies
  20 deep elf pyromancers
  5 wizards
  18 deep elf zephyrmancers
  3 phantasmal warriors
  6 ironbound convokers
  9 orb spiders
  3 lindwurms
  A necromancer (Depths:2)
  4 orc sorcerers
  22 wolf spiders
  A shining eye (shapeshifter) (Depths:3)
  17 ugly things
  3 manticores
  5 orc knights
  7 cyclopes
  A tengu skeleton (Depths:2)
  13 fauns
  A moth of wrath (Spider:4)
  4 salamanders (Volcano)
  4 black mambas
  9 merfolk sirens
  An elephant (Lair:6)
  10 vault sentinels
  A fire giant skeleton (Depths:2)
  A guardian serpent (shapeshifter) (Elf:1)
  Maggie (D:6)
  4 water nymphs
  2 molten gargoyles (Volcano)
  2 gargoyles (Volcano)
  11 cane toads
  3 torpor snails
  A hellion (Gauntlet)
  A freezing wraith (Abyss:2)
  An unseen horror (D:11)
  An efreet (D:15)
  5 komodo dragons
  11 yaktaurs
  An entropy weaver simulacrum (IceCv)
  7 demonic crawlers
  3 tengu conjurers
  An ice devil (IceCv)
  23 merfolk
  A red devil (Depths:2)
  An anaconda simulacrum (IceCv)
  An ancient zyme (Abyss:2)
  22 jumping spiders
  4 trolls
  5 polar bears
  A troll (shapeshifter) (Elf:3)
  2 snapping turtles
  17 slime creatures
  17 hornets
  6 wind drakes
  6 dream sheep
  16 blink frogs
  An ettin zombie (D:15)
  Sigmund (D:6)
  46 redbacks
  35 spriggans
  A shadow (D:9)
  2 air elementals
  18 tarantellas
  4 wraiths
  37 yaks
  18 water elementals
  Eustachio (D:6)
  A human (D:10)
  A wyvern (Lair:1)
  3 fire elementals
  A neqoxec (Depths:2)
  2 death yak simulacra (IceCv)
  2 steam dragons
  3 vampire mosquitoes (D:13)
  3 wargs
  3 acid dragons
  A harpy simulacrum (IceCv)
  7 water moccasins
  Edmund (D:5)
  Duvessa (D:6)
  9 bullfrogs
  22 orc warriors
  A sky beast (D:5)
  3 necrophages
  4 black bears
  2 ogres
  9 boggarts
  22 wolves
  9 centaurs
  A kobold brigand (D:7)
  2 gnoll sergeants
  2 two-headed ogre simulacra (IceCv)
  2 water moccasin zombies (Ossuary)
  5 scorpions
  2 cane toad simulacra (IceCv)
  An earth elemental (Elf:2)
  Dowan (D:6)
  A water moccasin skeleton (D:7)
  An elephant simulacrum (IceCv)
  11 killer bees
  3 howler monkeys
  23 wights
  2 electric eels
  4 hounds
  8 jellies
  13 orc priests
  A bullfrog skeleton (D:6)
  4 centaur skeletons
  4 iguanas
  19 orc wizards
  3 hell rats (Lair:4)
  4 spriggan simulacra
  A troll simulacrum (IceCv)
  A wolf simulacrum (IceCv)
  A hound skeleton (D:5)
  2 mummies (Ossuary)
  15 gnolls
  A howler monkey zombie (D:7)
  6 adders
  7 naga simulacra (IceCv)
  A shadow imp (D:6)
  7 white imps
  4 ufetubi
  5 adder zombies (Ossuary)
  2 adder skeletons (D:4)
  2 dart slugs
  67 orcs
  8 endoplasms
  2 giant cockroaches
  2 gnoll zombies (Ossuary)
  15 goblins
  12 hobgoblins
  7 jackals (D:1)
  30 kobolds
  A quokka (D:3)
  7 ball pythons
  3 bats
  3 frilled lizards
  3 hobgoblin zombies (Ossuary)
  5 kobold zombies (Ossuary)
  4 orc zombies (Ossuary)
  2 rats
1321 creatures vanquished.

Vanquished Creatures (collateral kills)
  A juggernaut (Depths:4)
  Boris (Depths:4)
  Saint Roka (Depths:3)
  2 golden dragons (Depths:4)
  Nikola (Shoals:4)
  the Enchantress (Depths:3)
  Jorgrun (Orc:2)
  A tentacled monstrosity (Depths:4)
  A deep elf blademaster (Elf:3)
  3 sphinxes
  Frances (Shoals:2)
  A storm dragon (Depths:4)
  2 tengu reavers
  2 nagarajas (Depths:5)
  A fire giant (Depths:2)
  Donald (Spider:3)
  A fenstrider witch (Shoals:2)
  3 vault wardens
  3 deep elf sorcerers (Elf:3)
  2 emperor scorpions
  2 reapers
  7 stone giants
  A war gargoyle (Vaults:3)
  7 ironbound preservers
  4 spriggan defenders (Depths:3)
  5 very ugly things
  2 caustic shrike skeletons (Depths:3)
  A vampire knight (Depths:2)
  A deep elf demonologist (Elf:3)
  2 entropy weavers
  4 deep elf annihilators
  3 dire elephants
  A red draconian (Depths:5)
  3 spark wasps
  An eidolon (Vaults:2)
  3 merfolk impalers
  A merfolk javelineer (Shoals:4)
  The ghost of Kyusiynim the Covert, a journeyman GnEn (Lair:4)
  A crystal guardian (Vaults:3)
  2 fire dragons
  3 yaktaur captains
  3 peacekeepers
  3 great orbs of eyes
  2 boulder beetles
  6 ironbound thunderhulks
  3 hydras
  3 vault guards (Vaults:4)
  4 merfolk avatars
  2 spriggan air magi (Depths:3)
  2 ice dragons
  2 ironbound frosthearts
  A catoblepas (D:13)
  A centaur warrior (Vaults:3)
  A merfolk aquamancer (Shoals:4)
  11 dancing weapons
  3 two-headed ogres
  3 tengu warriors
  A vampire mage (D:15)
  2 deep troll earth magi
  3 death yaks (Depths:3)
  A hell hog (Depths:1)
  A spriggan berserker (Depths:3)
  An orc high priest (Orc:2)
  3 hell knights (Depths:2)
  A storm dragon zombie (D:15)
  4 deep elf knights
  2 sixfirhies (Depths:2)
  An iron troll (Depths:2)
  A skeletal warrior (D:14)
  31 deep trolls
  5 sea snakes
  A spriggan druid (Depths:3)
  A glowing orange brain (Depths:4)
  3 wizards
  A lindwurm (Depths:5)
  5 harpies
  2 necromancers
  6 deep elf archers
  4 ironbound convokers
  A phantasmal warrior (Depths:4)
  3 orb spiders
  11 deep elf pyromancers
  4 deep elf zephyrmancers
  2 orc knights
  A shadow dragon skeleton (Depths:2)
  8 slime creatures
  A cyclops (D:14)
  A salamander (Volcano)
  An orc sorcerer (Orc:2)
  12 ugly things
  4 fauns
  5 wolf spiders
  9 manticores
  2 merfolk sirens
  A naga mage (Depths:5)
  3 centaur zombies
  A moth of wrath (Spider:4)
  5 vault sentinels
  An ice statue (IceCv)
  2 black mambas
  2 gargoyles
  2 molten gargoyles (Volcano)
  4 cane toads
  An unseen horror (D:10)
  An ice devil (IceCv)
  4 komodo dragons
  7 yaktaurs
  5 demonic crawlers
  A guardian mummy (D:15)
  A troll (D:12)
  5 wind drakes
  A polar bear (Lair:6)
  3 meliai (D:14)
  18 jumping spiders
  14 hornets
  13 merfolk
  4 snapping turtles
  3 dream sheep (Shoals:4)
  2 blink frogs (Lair:1)
  A deep troll zombie (D:15)
  2 air elementals (Elf:1)
  32 redbacks
  6 wraiths
  4 tarantellas
  7 yaks
  20 spriggans
  3 water elementals
  A death yak simulacrum (IceCv)
  A vampire mosquito (D:13)
  Menkaure (D:7)
  An acid dragon (D:10)
  5 water moccasins
  A black bear (Lair:6)
  11 orc warriors
  2 ogres (Orc:2)
  3 centaurs
  3 wolves
  A bullfrog (D:10)
  A gnoll sergeant (D:10)
  2 two-headed ogre simulacra (IceCv)
  A cane toad simulacrum (IceCv)
  An elephant simulacrum (IceCv)
  A killer bee (D:9)
  2 jellies (Lair:2)
  9 orc priests
  6 orc wizards
  3 hell rats (Lair:4)
  4 spriggan simulacra (IceCv)
  2 troll simulacra (IceCv)
  A polar bear simulacrum (IceCv)
  A howler monkey zombie (D:10)
  4 gnolls
  A naga simulacrum (IceCv)
  A white imp (IceCv)
  An ufetubus (IceCv)
  16 orcs
546 creatures vanquished.

Vanquished Creatures (others)
  Polyphemus (Shoals:4)
  A fire giant (Depths:4)
  A ghost moth (Spider:4)
  An emperor scorpion (Spider:4)
  3 ironbound preservers
  6 merfolk impalers
  A yaktaur captain (Vaults:4)
  A boulder beetle (D:11)
  2 centaur warriors (Vaults:3)
  A merfolk avatar (Shoals:2)
  A catoblepas (Shoals:4)
  2 death yaks (Shoals:4)
  5 deep elf knights
  2 sea snakes (Shoals:4)
  4 deep trolls
  2 lindwurms (Vaults:3)
  2 deep elf archers
  A wizard (Depths:2)
  A deep elf pyromancer (Elf:2)
  14 wolf spiders
  3 orb spiders (Spider:4)
  5 deep elf zephyrmancers
  A cyclops (Shoals:2)
  2 fauns (Shoals:1)
  A water nymph (Shoals:4)
  5 yaktaurs
  13 jumping spiders
  5 merfolk
  3 blink frogs (Abyss:2)
  2 dream sheep (Shoals:2)
  2 snapping turtles (Shoals:2)
  15 redbacks
  9 tarantellas
  2 nagas (Depths:5)
  A wolf (Lair:4)
  23 knights
  An ancestor (D:9)
  3 bushes
  12 demonic plants (Gauntlet)
  28 fungi
  120 plants
  2 withered plants (D:15)
310 creatures vanquished.

Grand Total: 2177 creatures vanquished

Notes
Turn   | Place    | Note
-------+----------+-------------------------------------------
     0 | D:1      | GeorgeSoros the Merfolk Ice Elementalist began the quest
                  | for the Orb.
     0 | D:1      | Reached XP level 1. HP: 13/13 MP: 3/3
   343 | D:1      | Reached XP level 2. HP: 20/20 MP: 1/5
   640 | D:1      | Found Wysti's Antique Armour Emporium.
   652 | D:1      | Reached skill level 1 in Fighting
   993 | D:1      | Reached XP level 3. HP: 26/26 MP: 3/6
  1179 | D:1      | Learned a level 3 spell: Frozen Ramparts
  1862 | D:2      | Reached XP level 4. HP: 30/33 MP: 3/7
  1866 | D:2      | Reached skill level 5 in Ice Magic
  2093 | D:3      | Found a faded altar of an unknown god.
  2170 | D:3      | Found Wukhlots's Magic Scroll Shoppe.
  2420 | D:3      | Reached XP level 5. HP: 39/39 MP: 4/8
  2424 | D:3      | Learned a level 3 spell: Ozocubu's Armour
  3079 | D:4      | Found a radiant altar of Vehumet.
  3142 | D:4      | Found a snail-covered altar of Cheibriados.
  3142 | D:4      | Found a sacrificial altar of Ru.
  3197 | D:4      | Noticed a centaur
  3204 | D:4      | Killed a centaur
  3205 | D:4      | Reached skill level 5 in Dodging
  3205 | D:4      | Reached XP level 6. HP: 40/46 MP: 5/9
  3607 | D:4      | Reached XP level 7. HP: 51/51 MP: 6/10
  3984 | D:4      | Reached skill level 1 in Throwing
  4322 | D:5      | Entered Level 5 of the Dungeon
  4387 | D:5      | Found a sand-covered staircase.
  4391 | Ossuary  | Entered an ossuary
  4758 | Ossuary  | Identified the amulet of the Past {Spirit rC- Dex+6 SInv
                  | Stlth+}
  4794 | D:5      | Upgraded the game from 0.27-b1-16-g6517624 to
                  | 0.27.0-1-g7a08968
  4842 | D:5      | Found a burning altar of Makhleb.
  4845 | D:5      | Noticed Edmund
  4877 | D:5      | Reached XP level 8. HP: 55/60 MP: 4/11
  4881 | D:5      | Killed Edmund
  5071 | D:5      | Reached skill level 5 in Fighting
  5194 | D:5      | Found Zin's Purification Station.
  5197 | D:5      | Found a glowing silver altar of Zin.
  5535 | D:6      | Noticed Dowan
  5537 | D:6      | Noticed Duvessa
  5547 | D:6      | Killed Duvessa
  5549 | D:6      | Killed Dowan
  5695 | D:6      | Reached XP level 9. HP: 56/70 MP: 4/12
  5786 | D:6      | Noticed Eustachio
  5817 | D:6      | Killed Eustachio
  5889 | D:6      | Noticed Maggie
  5913 | D:6      | Killed Maggie
  6397 | D:6      | Reached skill level 10 in Ice Magic
  6846 | D:6      | Noticed Sigmund
  6856 | D:6      | Killed Sigmund
  7346 | D:7      | Noticed Menkaure
  7359 | D:7      | Killed Menkaure
  7717 | D:7      | Reached skill level 1 in Evocations
  7736 | D:7      | Reached XP level 10. HP: 76/82 MP: 3/14
  7796 | D:7      | Reached skill level 5 in Throwing
  7967 | D:7      | Reached skill level 1 in Polearms
  8119 | D:7      | Found a staircase to the Ecumenical Temple.
  8126 | Temple   | Entered the Ecumenical Temple
  8202 | Temple   | Became a worshipper of Hepliaklqana the Forgotten
  8341 | D:7      | Found a runed translucent gate.
  8353 | D:7      | Found a runed translucent gate.
  8354 | D:7      | Found a runed translucent gate.
  8354 | D:7      | Noticed Gamop's ghost (novice DsBe)
  8354 | D:7      | Noticed a kobold demonologist
  8469 | D:7      | Found a stormy altar of Qazlal.
  8472 | D:7      | Found a broken altar of Ashenzari.
  8477 | D:7      | Found a white marble altar of Elyvilon.
  8845 | D:8      | Found an ornate altar of the Wu Jian Council.
  8888 | D:8      | Found a flagged portal.
  8908 | Bailey   | Entered a bailey
  9035 | Bailey   | Noticed an orc knight
  9139 | Bailey   | Killed an orc knight
 10190 | D:8      | Reached * piety under Hepliaklqana
 10214 | D:8      | Reached skill level 5 in Polearms
 10778 | D:9      | Noticed a two-headed ogre
 11199 | D:9      | Reached skill level 5 in Evocations
 11475 | D:9      | Reached ** piety under Hepliaklqana
 11476 | D:9      | Remembered your ancestor Plamen as a knight
 11586 | D:9      | Reached skill level 10 in Dodging
 11759 | D:9      | Killed a two-headed ogre
 11760 | D:9      | Reached XP level 11. HP: 67/78 MP: 8/15
 11838 | D:10     | Entered Level 10 of the Dungeon
 12281 | D:10     | Found a staircase to the Orcish Mines.
 12696 | D:10     | Learned a level 6 spell: Eringya's Noxious Bog
 12876 | D:10     | Reached skill level 1 in Transmutations
 12876 | D:10     | Reached skill level 1 in Poison Magic
 12947 | D:10     | Noticed a two-headed ogre
 12957 | D:10     | Killed a two-headed ogre
 13075 | D:10     | Noticed Josephine
 13086 | D:10     | Killed Josephine
 13087 | D:10     | Reached skill level 10 in Polearms
 13347 | D:10     | Found a staircase to the Lair.
 13445 | Lair:1   | Entered Level 1 of the Lair of Beasts
 13557 | Lair:1   | Reached skill level 5 in Transmutations
 13597 | Lair:1   | Reached XP level 12. HP: 84/84 MP: 12/16
 13728 | Lair:1   | Reached skill level 5 in Poison Magic
 13901 | Lair:1   | Noticed a seven-headed hydra
 13917 | Lair:1   | Killed a seven-headed hydra
 14410 | Lair:1   | Reached *** piety under Hepliaklqana
 15141 | Lair:2   | Identified a scroll of acquirement
 15141 | Lair:2   | Acquired 912 gold pieces
 15223 | Lair:2   | Found an ornate altar of the Wu Jian Council.
 15224 | Lair:2   | Noticed a boulder beetle
 15225 | Lair:2   | Found a hide-covered altar of Uskayaw.
 15237 | Lair:2   | Killed a boulder beetle
 15316 | Lair:2   | Found a runed translucent gate.
 15316 | Lair:2   | Found a runed translucent gate.
 15316 | Lair:2   | Found a runed translucent gate.
 15322 | Lair:2   | Noticed Elebi's ghost (journeyman DrTm)
 15352 | Lair:2   | Found a viscous altar of Jiyva.
 16247 | Lair:3   | Reached **** piety under Hepliaklqana
 16490 | Lair:3   | Reached XP level 13. HP: 67/89 MP: 6/17
 17104 | Lair:4   | Found a hole to the Spider Nest.
 17127 | Lair:4   | Reached skill level 10 in Transmutations
 17236 | Lair:4   | Found a dark tunnel.
 17246 | Volcano  | Entered a volcano
 17917 | Volcano  | Noticed an orb of fire
 17996 | Volcano  | Reached skill level 1 in Shields
 18254 | Volcano  | Noticed an orb of fire
 18924 | Lair:4   | Found a runed translucent door.
 18927 | Lair:4   | Noticed Kyusiynim's ghost (journeyman GnEn)
 18930 | Lair:4   | Identified the +7 spear "Aptok" {spect, Will+}
 18957 | Lair:4   | Found a staircase to the Shoals.
 19079 | Lair:4   | Reached ***** piety under Hepliaklqana
 20095 | Lair:4   | Killed Kyusiynim's ghost
 20225 | Lair:5   | Reached skill level 10 in Poison Magic
 20449 | Lair:5   | Reached XP level 14. HP: 96/98 MP: 11/18
 20527 | Lair:5   | Reached skill level 10 in Fighting
 20564 | Lair:5   | Reached skill level 1 in Invocations
 20605 | Lair:5   | Found a staircase to the Slime Pits.
 21510 | Lair:6   | Entered Level 6 of the Lair of Beasts
 23064 | Lair:6   | Reached skill level 5 in Invocations
 23671 | Lair:2   | Killed Elebi's ghost
 23727 | Lair:2   | Got the Incunabulum of Creative Flight
 23810 | Orc:1    | Entered Level 1 of the Orcish Mines
 23862 | Orc:1    | Found a frozen archway.
 23888 | IceCv    | Entered an ice cave
 24545 | IceCv    | Noticed a reaper
 24642 | IceCv    | Killed a reaper
 24907 | IceCv    | Identified the +1 plate armour of Exclusion {rElec rC-
                  | Int+6}
 24915 | IceCv    | Got the Reference Book on Cold
 25600 | Orc:1    | Learned a level 7 spell: Dragon Form
 25820 | Orc:1    | Noticed Urug
 25846 | Orc:1    | Killed Urug
 25847 | Orc:1    | Reached XP level 15. HP: 44/103 MP: 6/19
 26150 | Orc:2    | Entered Level 2 of the Orcish Mines
 26516 | Orc:2    | Found Jier's Antique Weapon Emporium.
 26518 | Orc:2    | Found a staircase to the Elven Halls.
 26528 | Orc:2    | Bought a slimy long sword for 204 gold pieces
 26528 | Orc:2    | Identified the +6 long sword of Kienuog {vorpal, Str+4}
                  | (You bought it in a shop on level 2 of the Orcish Mines)
 26554 | Orc:2    | Noticed Jorgrun
 26554 | Orc:2    | Noticed Sonja
 26562 | Orc:2    | Killed Sonja
 26569 | Orc:2    | Killed Jorgrun
 27005 | Orc:2    | Reached ****** piety under Hepliaklqana
 27102 | Orc:2    | Found Souptep's Jewellery Boutique.
 27145 | Orc:2    | Found Ynuary's Book Emporium.
 27395 | Orc:2    | Found Vyuss's Magic Scroll Emporium.
 27397 | Orc:2    | Found Ahyn's Jewellery Boutique.
 27931 | D:11     | Gained mutation: You are weak. (Str -2) [mutagenic glow]
 28381 | D:11     | Lost mutation: You are weak. (Str -2) [potion of mutation]
 28381 | D:11     | Gained mutation: You have a pair of small antennae on your
                  | head. [potion of mutation]
 28381 | D:11     | Gained mutation: You are partially covered in iridescent
                  | scales. (AC +2) [potion of mutation]
 29688 | D:13     | Reached skill level 15 in Transmutations
 30284 | D:13     | Found a shadowy altar of Dithmenos.
 30497 | D:13     | Found a gate to the Vaults.
 30928 | Shoals:1 | Entered Level 1 of the Shoals
 31533 | Shoals:1 | Found Wuiqotig's Visitors' Centre.
 31533 | Shoals:1 | Found Wuiqotig's Merfolk Weapons.
 32089 | Shoals:1 | Reached XP level 16. HP: 109/112 MP: 15/22
 32947 | Shoals:1 | Found Wuiqotig's Merfolk Armours.
 32952 | Shoals:1 | Found Wuiqotig's Merfolk Magic.
 32970 | Shoals:1 | Bought a +1 demon trident of electrocution for 712 gold
                  | pieces
 33263 | Spider:1 | Entered Level 1 of the Spider Nest
 34209 | Spider:1 | You fall into a shaft and drop 1 floor!
 34580 | Spider:2 | Reached skill level 5 in Spellcasting
 34711 | Spider:2 | Reached skill level 10 in Invocations
 36624 | Spider:3 | Noticed Donald
 36634 | Spider:3 | Killed Donald
 36810 | Spider:3 | Reached XP level 17. HP: 121/121 MP: 22/26
 37210 | Spider:3 | Reached skill level 15 in Polearms
 38041 | Spider:4 | Entered Level 4 of the Spider Nest
 38813 | Spider:4 | Found a large runed translucent door.
 40486 | Spider:4 | Found a large runed translucent door.
 40491 | Spider:4 | Noticed Vubreenic's ghost (adept CeHu)
 40803 | Spider:4 | Got a gossamer rune of Zot
 41284 | Shoals:2 | Reached skill level 15 in Dodging
 41349 | Shoals:2 | Noticed Frances
 41945 | Shoals:2 | Killed Frances
 42830 | Shoals:2 | Reached skill level 5 in Shields
 43540 | Shoals:3 | Identified the +1 pair of boots "Pukuus" {-Cast rElec rN+
                  | Dex+9 Stlth+}
 43666 | Shoals:3 | Reached XP level 18. HP: 130/130 MP: 27/27
 44251 | Shoals:4 | Entered Level 4 of the Shoals
 44265 | Shoals:4 | Noticed Nikola
 45140 | Shoals:4 | Identified the ring of Saumofeq {Int+6 Dex+3 Stlth+}
 45278 | Shoals:4 | Got a barnacled rune of Zot
 45560 | Shoals:4 | Reached skill level 10 in Shields
 46254 | Shoals:4 | Noticed Polyphemus
 46287 | Shoals:4 | Killed Polyphemus
 47184 | Shoals:4 | Killed Nikola
 48109 | Vaults:1 | Entered Level 1 of the Vaults
 48911 | Vaults:1 | Learned a level 2 spell: Passwall
 49493 | Vaults:2 | Reached XP level 19. HP: 69/135 MP: 10/28
 49793 | Vaults:2 | Found a staircase to the Crypt.
 51220 | Vaults:2 | Reached skill level 1 in Summonings
 51229 | Vaults:2 | Reached skill level 15 in Shields
 51519 | Vaults:2 | Paralysed by a sphinx for 6 turns
 52337 | Vaults:2 | Reached skill level 5 in Summonings
 52905 | Vaults:3 | Identified the +6 dagger of Aqicsohy {holy, rN+}
 53567 | Vaults:3 | Found a runed translucent door.
 53567 | Vaults:3 | Noticed emme's ghost (adept DsGl)
 53889 | Vaults:3 | Reached XP level 20. HP: 126/142 MP: 15/29
 54316 | Vaults:3 | Reached skill level 10 in Summonings
 54602 | Vaults:3 | Paralysed by a sphinx for 7 turns
 55741 | Vaults:3 | Found Leadurog's Armour Boutique.
 55744 | Vaults:3 | Bought a +2 pair of gloves of stealth for 365 gold pieces
 58566 | D:14     | Identified the +9 hunting sling "Beastslayer" {flame,
                  | Str+2}
 58621 | D:14     | Found Puysuts's Distillery.
 58629 | D:14     | Bought a potion of haste for 170 gold pieces
 58722 | D:14     | Noticed Agnes
 58735 | D:14     | Killed Agnes
 58895 | D:14     | Found Usoyn's Antique Weapon Boutique.
 58905 | D:14     | Found Parhetep's Jewellery Shoppe.
 58969 | D:14     | Reached XP level 21. HP: 147/147 MP: 25/30
 59028 | D:14     | Identified the +1 ring mail of Depression {Regen+ Str-4
                  | Int-5 Dex+9}
 59219 | D:14     | Acquired the +3 pair of gauntlets of War {Slay+5}
 59220 | D:14     | Found the +3 pair of gauntlets of War {Slay+5}
 59240 | D:14     | Acquired the +3 pair of seven-league boots {Rampage+∞}
 59241 | D:14     | Found the +3 pair of seven-league boots {Rampage+∞}
 59790 | D:15     | Entered Level 15 of the Dungeon
 59823 | D:15     | Found a gate leading to a gauntlet.
 59849 | Gauntlet | Entered a Gauntlet
 59849 | Gauntlet | Found a transporter.
 59849 | Gauntlet | Found a transporter.
 59853 | Gauntlet | Found a transporter.
 59854 | Gauntlet | Found a transporter.
 59863 | Gauntlet | Found a transporter.
 59867 | Gauntlet | Found a transporter.
 59881 | Gauntlet | Found a transporter.
 59892 | Gauntlet | Found a transporter.
 59909 | Gauntlet | Found a transporter.
 59913 | Gauntlet | Found a transporter.
 59923 | Gauntlet | Found a transporter.
 59927 | Gauntlet | Found a transporter.
 60133 | Gauntlet | Identified the +2 helmet of Fortitude {Dex+6}
 60141 | Gauntlet | Acquired 1164 gold pieces
 60246 | Gauntlet | Identified the -4 pair of boots "Bilui" {-Cast rF+ Will+
                  | Str+2}
 60294 | Gauntlet | Reached skill level 15 in Summonings
 60324 | Gauntlet | Identified the +0 ring mail of Depression {Str+4}
 60324 | Gauntlet | Identified the amulet "Tigem" {Acrobat rC+ rN+ Will+++
                  | MP-9}
 60542 | D:15     | Found a staircase to the Depths.
 60560 | D:15     | Reached skill level 1 in Armour
 60610 | D:15     | Acquired the +5 kite shield of a Labyrinth {Drain rN+
                  | rCorr}
 61336 | Elf:1    | Entered Level 1 of the Elven Halls
 61666 | Elf:1    | Paralysed by an air elemental for 1 turns
 62562 | Elf:1    | Paralysed by an air elemental for 1 turns
 62841 | Elf:2    | Reached skill level 5 in Armour
 63526 | Elf:2    | Paralysed by an air elemental for 1 turns
 64052 | Elf:2    | Found a runed translucent gate.
 64052 | Elf:2    | Found a runed translucent gate.
 64052 | Elf:2    | Found a runed translucent gate.
 64588 | Elf:2    | Cast into level 2 of the Abyss (+1 halberd of distortion)
 64657 | Elf:2    | Escaped the Abyss
 65046 | Elf:2    | Reached XP level 22. HP: 98/153 MP: 22/31
 65474 | Elf:3    | Entered Level 3 of the Elven Halls
 65719 | Elf:3    | Found Batesaus's Self-Improvement Boutique.
 66036 | Elf:3    | Identified the ring "Piki" {rN+ MP+9 Str-2 Int+4 Slay+3}
 66615 | Elf:3    | Identified the +4 hunting sling of the Jumping Coward
                  | {flame, Str+4}
 66659 | Elf:3    | Identified the +1 pair of gloves of Crawling {rF+}
 66662 | Elf:3    | Identified the amulet "Uteyk" {Spirit -Tele MP+9 SInv}
 66674 | Elf:3    | Identified the ring "Cenluc" {rPois MP+9}
 66678 | Elf:3    | Got the Disquisition on Arcane Weapons
 67187 | Elf:3    | Found a runed translucent door.
 67187 | Elf:3    | Found a shimmering altar of Xom.
 67187 | Elf:3    | Identified the +10 dire flail "Dragonslayer" {chaos, rElec
                  | rPois rF+}
 67187 | Elf:3    | Noticed Urrug's ghost (adept MiBe)
 67799 | Depths:1 | Entered Level 1 of the Depths
 68055 | Depths:1 | Found Yfuff's Antique Weapon Boutique.
 68055 | Depths:1 | Found Noaklit's Antique Weapon Shop.
 68476 | Depths:1 | Found a hide-covered altar of Uskayaw.
 68851 | Depths:1 | Found a gateway to a ziggurat.
 68908 | Depths:1 | Found a sparkling altar of Nemelex Xobeh.
 69056 | Depths:1 | Found a gateway to Hell.
 69475 | Depths:2 | Reached skill level 10 in Armour
 70134 | Depths:2 | Noticed Mara
 70148 | Depths:2 | Killed Mara
 70351 | Depths:2 | Reached XP level 23. HP: 92/159 MP: 23/32
 71170 | Depths:2 | Found a one-way gate leading to the halls of Pandemonium.
 71216 | Depths:2 | Found Teobem's Book Boutique.
 71217 | Depths:2 | Found Cufaachi's Jewellery Emporium.
 71226 | Depths:2 | Found Tunweb Figo's Book Boutique.
 71491 | Depths:2 | Found a one-way gate to the infinite horrors of the Abyss.
 71724 | Depths:3 | Found a bloodstained altar of Trog.
 71972 | Depths:3 | Noticed Saint Roka
 71986 | Depths:3 | Killed Saint Roka
 72677 | Depths:3 | Noticed the Enchantress
 72694 | Depths:3 | Killed the Enchantress
 74258 | Depths:4 | Noticed Boris
 74277 | Depths:4 | Killed Boris
 74285 | Depths:4 | Identified the +8 whip "Conservator" {antimagic, rElec
                  | rPois rN+ Str+4}
 74575 | Depths:4 | Found Zearuvvu's Magic Scroll Shoppe.
 74577 | Depths:4 | Found Xubyilod's Armour Emporium.
 74579 | Depths:4 | Found Waotergh's Magic Scroll Shoppe.
 74583 | Depths:4 | Bought a scroll of magic mapping for 52 gold pieces
 74583 | Depths:4 | Bought a scroll of teleportation for 45 gold pieces
 74583 | Depths:4 | Bought a scroll of enchant armour for 112 gold pieces
 74583 | Depths:4 | Bought a scroll of blinking for 112 gold pieces
 74588 | Depths:4 | Bought a scroll of holy word for 105 gold pieces
 74588 | Depths:4 | Bought a scroll of teleportation for 42 gold pieces
 74588 | Depths:4 | Bought a scroll of enchant weapon for 105 gold pieces
 74588 | Depths:4 | Bought a scroll of magic mapping for 49 gold pieces
 74588 | Depths:4 | Bought a scroll of enchant armour for 105 gold pieces
 74663 | Depths:4 | Reached XP level 24. HP: 139/167 MP: 30/32
 76222 | Depths:4 | Noticed a juggernaut
 76229 | Depths:4 | Killed a juggernaut
 76365 | Depths:4 | Noticed a juggernaut
 76381 | Depths:4 | Killed a juggernaut
 76396 | Depths:4 | Noticed a juggernaut
 76409 | Depths:4 | Killed a juggernaut
 76440 | Depths:4 | Identified the +10 longbow "Mofayfet" {vorpal, Drain rPois
                  | Will+++ Str+6}
 76692 | Depths:5 | Entered Level 5 of the Depths
 76698 | Depths:5 | Reached skill level 15 in Fighting
 77686 | Depths:5 | Found a gate to the Realm of Zot.
 77935 | Depths:5 | HP: 8/170 [nagaraja/splash of poison (4)]
 77936 | Depths:5 | Succumbed to nagaraja's concentrated venom

Illustrated notes

Levels and vault maps discovered:
D:1:      roderic_chinese_lattice_arrival, layout_basic, serial_shops,
          nicolae_shop_overgrown_old_shop
D:2:      layout_loops_cross
D:3:      layout_loops_ring, serial_shops, shop,
          shapermc_ecumenical_altar_totnotflames, st_stairs_10
D:4:      layout_basic, chequers_temple_overflow_statue_of_worship,
          grunt_ministairs_9, dk_rats_in_the_wall
D:5:      layout_rooms, mainiacjoe_overflow_cross_hatched, zin_purify,
          nicolae_ossuary_entry_false_entrances, eino_tiny_chamber, uniq_edmund
D:6:      layout_basic, uniq_sigmund, uniq_maggie, uniq_eustachio, uniq_duvessa
D:7:      layout_basic, grunt_temple_overflow_diamond,
          minmay_temple_entry_crystal_x, gammafunk_ghost_nasty_kobolds,
          uniq_menkaure
D:8:      layout_basic, mainiacjoe_overflow_paths, enter_bailey_3,
          chequers_garden
D:9:      layout_stronghold
D:10:     layout_gridville, grunt_lair_entry_orc_guard_hut, erik_orc_4,
          uniq_josephine
D:11:     layout_roguey
D:12:     layout_stronghold, minmay_starry_boxes
D:13:     layout_loops_ring, skrybe_vaults_entry_preservation, drop_trap,
          grunt_dithmenos_smoke
D:14:     minmay_general_purpose_star, layout_basic, serial_shops, shop,
          nicolae_shop_statue_plus, shop, minivault_10, uniq_agnes
D:15:     gammafunk_depths_entry_grave, layout_loops_ring,
          gauntlet_entry_generic, chequers_serial_rivers_micro_d
Temple:   cyrus_circular_temple
Lair:1:   layout_chaotic_city, st_stairs_3, columned_hall_lemuel
Lair:2:   layout_regular_city, gammafunk_ghost_ooze,
          chequers_serial_rivers_small_b, nzn_masters_of_martial_movement,
          grunt_megastairs_1, minmay_lair_oklob_chamber
Lair:3:   layout_gridlike
Lair:4:   layout_cave_pods, minmay_shoals_entry_lonely_mermaid,
          spider_nest_entry_webs, nicolae_volcano_entry_hallway,
          ebering_ghost_funeral_grove, infiniplex_staircase_pool_2
Lair:5:   layout_misc_corridors, slime_dummy, bobbens_ice_dragon_lair
Lair:6:   minmay_lair_end_enchanted_forest, layout_cave_pods
Shoals:1: nicolae_shoals_mermall, layout_shoals
Shoals:2: layout_shoals, nicolae_shoals_beach_house_on_fowls_legs, uniq_frances
Shoals:3: layout_shoals
Shoals:4: shoals_end_simple, layout_shoals, nicolae_shoals_isolated_beach,
          uniq_nikola, uniq_polyphemus
Spider:1: layout_spider_delve, guppyfry_spider_mini_1,
          hangedman_spider_tarantella_strand
Spider:2: layout_spider_delve
Spider:3: layout_chambers, uniq_donald
Spider:4: grunt_spider_rune_parallel, ebering_ghost_disaster_area
Orc:1:    layout_caves, portal_ice_cave_entry_pillars_1, uniq_urug
Orc:2:    st_orc_elflike, layout_diamond_mine, serial_shops,
          nicolae_shop_waterfront, nicolae_orc_lost_temple, uniq_sonja,
          uniq_jorgrun
Elf:1:    layout_geoelf_octagon, hangedman_corner_corridor,
          roderic_roman_lattice, st_stairs_8
Elf:2:    nicolae_elf_blades_splatter_lattice
          [nicolae_blade_entry_hurt_lockers], layout_rooms
Elf:3:    minmay_elf_hall_dome, layout_gridlike, ebering_ghost_xom,
          minivault_11, nicolae_shop_self_help
Vaults:1: v_misc_19, ontoclasm_vaults_twist, hangedman_vaults_river_flow,
          vaults_dpeg_spiral, vaults_room_corners, layout_vaults_omnigrid
Vaults:2: nicolae_vaults_arrows, v_misc_28, minmay_crypt_entry_simple_statues,
          v_misc_32, nicolae_vaults_twisting_passages,
          nicolae_vaults_mini_display_case, vaults_room_pools, vaults_room_pool,
          vaults_standard_mumra_enter_the_diamond, vaults_dpeg_encased_lava,
          grunt_vaults_diagonal, vaults_mumra_lcd, layout_vaults_omnibox
Vaults:3: ebering_vaults_ghost_inner_flame, nicolae_vaults_stairing_the_circle,
          nicolae_vaults_diagonal_hallway_9, vaults_mumra_chevron,
          hangedman_vaults_nails, hangedman_vaults_stagger,
          nicolae_vaults_diagonal_hallway_8, v_rooms_5, grunt_vaults_twisty,
          hangedman_vaults_variations, layout_vaults_big_room, serial_shops,
          nicolae_shop_behind_doors
Vaults:4: ontoclasm_vaults_eye, nicolae_vaults_inception_corners,
          vaults_room_semicircle, nicolae_vaults_little_squares_6,
          vaults_room_fours, v_misc_3, nicolae_vaults_network_star,
          vaults_room_pools, hangedman_vaults_unwind,
          nicolae_vaults_holding_cells, hangedman_vaults_impose,
          layout_vaults_maze
Depths:1: layout_long_grid, enter_ziggurat_a, hellmouth_1,
          nicolae_uskayaw_en_pointe, chequers_serial_rivers_micro_c,
          minmay_holes, nemelex_spade_bored_becter, grunt_megastairs_5,
          minmay_shoptagon, serial_bayou_shore_a
Depths:2: minmay_curly_fans, layout_basic, hell_entry,
          abyss_entry_small_statue_room, rand_demon_pan_entry_8,
          hangedman_abyss_or_decor_clamps, wad_rectangle_vault,
          minmay_shop_grove, uniq_mara
Depths:3: spriggan_forest, hell_entry, serial_shops, pan_entry, uniq_saint_roka
Depths:4: kennysheep_large_spiral, layout_cave_shapes, abyss_entry,
          kennysheep_doodads, hell_entry, kilobyte_rumbling_trees,
          minmay_shop_star, infiniplex_staircase_x, serial_bayou_shore_b,
          uniq_boris
Depths:5: evilmike_zot_entry_diamond, layout_cave_shapes,
          pf_hell_entry_tar_river, hangedman_decor_points, pan_entry,
          minmay_serpent_palace

Skill      XL: |  1  2  3  4  5  6  7  8  9 10 11 12 13 14 15 16 17 18 19 20 21 22 23 24 |
---------------+-------------------------------------------------------------------------+-----
Dodging        | 3 4 5 6 7 10 11 13 15 | 15.5
Fighting       | 1 2 4 6 8 9 10 11 12 13 14 15 | 15.6
Ice Magic      | 5 6 7 8 10 11 | 11.0
Throwing       | 2 3 4 5 |  5.0
Evocations     | 1 5 7 8 9 |  9.7
Spellcasting   | 3 6 |  6.0
Polearms       | 7 10 13 14 16 17 18 | 18.0
Transmutations | 5 9 11 13 16 18 | 18.0
Poison Magic   | 4 7 10 | 10.6
Shields        | 4 6 13 15 | 15.0
Invocations    | 6 8 10 | 10.0
Summonings     | 8 14 16 17 18 | 18.0
Armour         | 7 11 12 13 | 13.0
Stealth        | |  2.1

Action                   |  1- 3 |  4- 6 |  7- 9 | 10-12 | 13-15 | 16-18 | 19-21 | 22-24 || total
-------------------------+-------+-------+-------+-------+-------+-------+-------+-------++-------
Melee: Falchion          |    24 |       |       |       |       |       |       |       ||    24
       Whip              |    17 |    71 |    56 |       |       |       |       |       ||   144
       Hand axe          |       |       |   216 |     9 |       |       |       |       ||   225
       Trident           |       |       |       |   487 |  1068 |    55 |       |       ||  1610
       Tailslap          |       |       |       |     2 |    13 |    39 |    31 |     3 ||    88
       Unarmed           |       |       |       |       |    37 |    99 |    91 |       ||   227
       Bite              |       |       |       |       |     8 |    12 |    17 |       ||    37
       Demon trident     |       |       |       |       |       |   998 |   900 |  1306 ||  3204
Throw: Stone             |       |     3 |       |       |       |       |       |       ||     3
       Javelin           |       |     1 |    24 |     7 |     9 |     7 |       |       ||    48
       Throwing net      |       |       |     2 |       |       |     1 |       |       ||     3
 Cast: Freeze            |    37 |    17 |     1 |       |       |       |       |       ||    55
       Frozen Ramparts   |     1 |     8 |    31 |    53 |    54 |    42 |    35 |    15 ||   239
       Ozocubu's Armour  |       |     1 |    14 |    32 |    34 |    39 |    37 |    13 ||   170
       Eringya's Noxious |       |       |       |       |    10 |    30 |    11 |     4 ||    55
       Dragon Form       |       |       |       |       |     5 |    10 |     8 |       ||    23
Invok: Recall Ancestor   |       |       |       |     2 |     4 |    12 |     7 |     6 ||    31
       Ancestor Life: Kn |       |       |       |     1 |       |       |       |       ||     1
       Idealise          |       |       |       |       |       |     3 |     9 |     1 ||    13
 Abil: Breathe Fire      |       |       |       |       |     4 |    12 |     8 |       ||    24
Evoke: Wand              |       |     1 |     4 |     3 |    24 |     9 |    17 |     8 ||    66
       Phial of floods   |       |       |       |       |       |     1 |       |       ||     1
       Condenser vane    |       |       |       |       |       |       |     2 |       ||     2
  Use: Scroll            |     3 |     4 |     3 |    10 |    14 |    10 |    10 |     3 ||    57
       Potion            |       |       |     5 |     1 |    12 |     7 |     8 |     2 ||    35
 Stab: Sleeping          |     1 |     4 |     3 |     4 |    18 |    10 |    18 |     3 ||    61
       Distracted        |       |     2 |       |     3 |     7 |    17 |     9 |    10 ||    48
       Invisible         |       |       |       |       |       |       |       |    10 ||    10
Armor: Robe              |    14 |    13 |    70 |    85 |   126 |   150 |    50 |       ||   508
       Leather armour    |       |       |    19 |       |       |       |       |       ||    19
       Skin              |       |       |    16 |       |    17 |    67 |    57 |       ||   157
       Pearl dragon scal |       |       |       |       |       |       |    79 |   132 ||   211
       Acid dragon scale |       |       |       |       |       |       |       |   110 ||   110
Dodge: Dodged            |    50 |    60 |   266 |   379 |   433 |   683 |   328 |   291 ||  2490
Block: Buckler           |       |       |       |       |   147 |   222 |       |       ||   369
       Kite shield       |       |       |       |       |       |     5 |   308 |   447 ||   760
       Rpst.: Falchion   |    10 |       |       |       |       |       |       |       ||    10
